 Dungeon Crawl Stone Soup version 0.23.2-1-ga50397a (webtiles) character file.

Game seed: 7925709686000688521

73 xveg the Skirmisher (level 4, -1/40 HPs)
             Began as a Draconian Berserker on May 16, 2019.
             Was a Believer of Trog.
             Succumbed to Crazy Yiuf's poison
             ... on level 2 of the Dungeon on May 17, 2019.
             The game lasted 00:03:02 (1636 turns).

xveg the Skirmisher (Draconian Berserker)           Turns: 1636, Time: 00:03:03

Health: -1/40      AC:  5    Str: 20    XL:     4   Next: 8%
Magic:  4/4        EV: 12    Int:  7    God:    Trog [**....]
Gold:   96         SH:  0    Dex: 11    Spells: 3/3 levels left

rFire    . . .     SeeInvis .   a - +0 hand axe
rCold    . . .     Gourm    .   (no shield)
rNeg     . . .     Faith    .   (armour unavailable)
rPois    .         Spirit   .   (helmet restricted)
rElec    .         Reflect  .   (no cloak)
rCorr    .         Harm     .   (no gloves)
MR       +....                  (no boots)
Stlth    +.........             (no amulet)
HPRegen  0.13/turn              (no ring)
MPRegen  0.09/turn              q - ring of protection from magic

@: lethally poisoned (-1 -> -14), berserk cooldown, slowed, drained, very slow
A: unfitting armour, cold-blooded, AC +5
a: Berserk, Trog's Hand, Renounce Religion


You were on level 2 of the Dungeon.
You worshipped Trog.
Trog was pleased with you.
You were not hungry.

You visited 1 branch of the dungeon, and saw 2 of its levels.

You collected 96 gold pieces.

Inventory:

Hand Weapons
 a - a +0 hand axe (weapon)
Jewellery
 q - a ring of protection from magic (right hand)
Scrolls
 d - a scroll of magic mapping
 g - a scroll of remove curse
Potions
 c - a potion of flight {unknown}
 f - a potion of magic {unknown}
 h - 2 potions of heal wounds (quivered) {unknown}
 j - a potion of mutation {unknown}
 n - a potion of agility {unknown}
Comestibles
 b - 3 rations


   Skills:
 + Level 4.1(3.5) Fighting
 + Level 3.8(3.1) Axes
 + Level 3.3(2.6) Dodging


You had 3 spell levels left.
You didn't know any spells.
Your spell library was empty.

Dungeon Overview and Level Annotations

Branches:
Dungeon (2/15)

Altars:

Annotations:
D:2 Crazy Yiuf


Innate Abilities, Weirdness & Mutations

Your plain brown scales are hard. (AC +5)
You cannot fit into any form of body armour.
You are cold-blooded and may be slowed by cold attacks.


Message History

You feel sick. Crazy Yiuf hits you but does no damage.
You are lethally poisoned!
You hit Crazy Yiuf.
Crazy Yiuf is heavily wounded.
* * * LOW HITPOINT WARNING * * *
You feel very sick.
Crazy Yiuf hits you with a +2 quarterstaff of chaos.
* * * LOW HITPOINT WARNING * * *
Crazy Yiuf hits you with a +2 quarterstaff of chaos.
* * * LOW HITPOINT WARNING * * *
Okay, then.
You don't know any spells.
You eat one of the 4 rations.
That ration really hit the spot!
* * * LOW HITPOINT WARNING * * *
You feel sick.
Crazy Yiuf hits you with a +2 quarterstaff of chaos!
* * * LOW HITPOINT WARNING * * *
You hit Crazy Yiuf. You tail-slap Crazy Yiuf.
Crazy Yiuf is severely wounded.
You die...

#.......# ##.##
#.#.###.# ##### #.#
#.#.# #.# #)..# #.#
##.#.# #.# #...# #.#
.....# #.# *...* #.#
.#.### #.# *#'#*
####.# .#>.## #.##
#"## ##.##.#
.#...###..# ##g#
##...#.# ..........#
#@## #......#
.#...####.# ##.#
##...#.# .##.## ###
##.## ##....# .####
##...# ##.### .#
#....# #.# .# #....#
#.# .# ##....# #.# .#
########....#######.#
.#
#...................#


You could see Crazy Yiuf.

Vanquished Creatures
  3 adders (D:2)
  An ooze (D:2)
  A worm (D:2)
  A leopard gecko (D:2)
  A ball python (D:1)
  3 bats
  4 giant cockroaches
  6 goblins
  2 hobgoblins (D:1)
  3 jackals (D:2)
  2 frilled lizards (D:1)
  5 kobolds
  5 rats
37 creatures vanquished.

Notes
Turn   | Place    | Note
-------+----------+-------------------------------------------
     0 | D:1      | xveg the Draconian Berserker began the quest for the Orb.
     0 | D:1      | Reached XP level 1. HP: 19/19 MP: 1/1
   215 | D:1      | Reached XP level 2. HP: 16/26 MP: 2/2
   798 | D:2      | Reached XP level 3. HP: 23/33 MP: 3/3
   801 | D:2      | Reached ** piety under Trog
   935 | D:2      | Reached skill level 4 in Fighting
  1119 | D:2      | Found a runed translucent door.
  1120 | D:2      | Noticed Crazy Yiuf
  1294 | D:2      | Reached XP level 4. HP: 33/40 MP: 4/4
  1635 | D:2      | HP: 1/40 [Crazy Yiuf/+2 quarterstaff of chaos (7)]
  1636 | D:2      | Succumbed to Crazy Yiuf's poison

Skill      XL: |  1  2  3 |
---------------+----------+-----
Dodging        | 3 |  3.3
Fighting       | 4 |  4.1
Axes           | |  3.8

Action                   |  1- 3 |  4- 6 || total
-------------------------+-------+-------++-------
Melee: Hand axe          |    95 |    12 ||   107
       Tailslap          |     9 |     1 ||    10
Invok: Berserk           |       |     1 ||     1
  Use: Scroll            |       |     7 ||     7
  Eat: Chunk             |     1 |       ||     1
       Ration            |       |     1 ||     1
Armor: Skin              |    37 |     3 ||    40
Dodge: Dodged            |    69 |     2 ||    71
